 Dungeon Crawl Stone Soup version 0.19.1 (webtiles) character file.

880 aspy the Poker (level 7, -4/50 HPs)
             Began as a White Draconian Wizard on Dec 16, 2016.
             Was a Follower of Okawaru.
             Slain by an orc warrior
             ... wielding a +0 halberd
              (14 damage)
             ... on level 6 of the Dungeon.
             The game lasted 00:55:17 (6959 turns).

aspy the Poker (White Draconian Wizard)             Turns: 6959, Time: 00:55:18

Health: -4/50      AC:  9    Str:  9    XL:     7   Next: 75%
Magic:  2/11       EV: 15    Int: 19    God:    Okawaru [*.....]
Gold:   295        SH:  0    Dex: 11    Spells: 4 memorised, 4 levels left

rFire  . . .     SeeInvis .     f - +1 trident
rCold  + . .     Gourm    .     (armour unavailable)
rNeg   . . .     Faith    .     (no shield)
rPois  .         Spirit   .     a - +0 hat
rElec  .         Reflect  .     u - +2 cloak
rCorr  .         Harm     .     (no gloves)
MR     .....                    (no boots)
Stlth  +++.......               (no amulet)
                                (no ring)
                                (no ring)

@: short of breath, heroism
A: breathe frost, unfitting armour, cold resistance 1, cold-blooded, AC +6
a: Breathe Frost, Heroism, Renounce Religion


You were on level 6 of the Dungeon.
You worshipped Okawaru.
Okawaru was aware of your devotion.
You were hungry.

You visited 2 branches of the dungeon, and saw 7 of its levels.

You collected 295 gold pieces.

Inventory:

Hand Weapons
 f - a +1 trident (weapon)
Missiles
 e - 2 needles of sleeping
 i - 109 stones
 k - 5 poisoned javelins (quivered)
 p - 28 poisoned needles
Armour
 a - a +0 hat (worn)
 u - a +2 cloak (worn)
Magical Staves
 s - an uncursed staff of earth {unknown}
Wands
 h - a wand of acid (0/15)
Scrolls
 g - a scroll of amnesia {unknown}
 j - 3 scrolls of identify
 m - a scroll of magic mapping
 n - a scroll of teleportation {unknown}
 q - a scroll of immolation {unknown}
 r - a scroll of remove curse
 x - a scroll of recharging {unknown}
 y - a scroll of noise {unknown}
 A - 2 scrolls of enchant armour {unknown}
Potions
 d - a potion of might
 l - a potion of agility
 t - 2 potions of flight
 v - a potion of berserk rage {unknown}
 z - a potion of curing
 C - a potion of resistance {unknown}
Books
 b - a book of Minor Magic

   Spells                             Type                      Level
   a - Magic Dart                     Conjuration                  1
   b - Blink                          Translocation                2
   c - Call Imp                       Summoning                    2
   d - Repel Missiles                 Charms/Air                   2
   e - Slow                           Hexes                        2
   f - Conjure Flame                  Conjuration/Fire             3
   g - Mephitic Cloud                 Conjuration/Poison/Air       3
Comestibles
 c - 3 bread rations
 o - 3 meat rations
 B - a fruit


   Skills:
 - Level 6.2(11.2) Polearms
 - Level 0.1(5.1) Throwing
 + Level 2.7(7.7) Dodging
 - Level 1.7(6.7) Stealth
 - Level 3.0 Spellcasting
 - Level 3.1 Conjurations
 - Level 4.4 Summonings
 - Level 1.0 Translocations


You had 4 spell levels left.
You knew the following spells:

 Your Spells              Type           Power        Failure   Level  Hunger
a - Call Imp              Summ           ###.....     4%          2    ##.....
b - Blink                 Tloc           N/A          17%         2    ##.....
c - Conjure Flame         Conj/Fire      #.......     28%         3    ###....
z - Magic Dart            Conj           ##..         6%          1    None


Dungeon Overview and Level Annotations

Branches:
Dungeon (6/15)             Temple (1/1) D:4

Altars:
Ashenzari
Cheibriados
Dithmenos
Elyvilon
Fedhas
Gozag
Hepliaklqana
Kikubaaqudgha
Makhleb
Nemelex Xobeh
Okawaru
Qazlal
Ru
Sif Muna
Trog
Uskayaw
Vehumet
Xom
Yredelemnul
Zin
The Shining One

Annotations:
D:6 Dowan, Duvessa


Innate Abilities, Weirdness & Mutations

You can breathe waves of freezing cold.
You can buffet flying creatures when you breathe cold.
Your icy white scales are hard. (AC +6)
You cannot fit into any form of body armour.
Your flesh is cold resistant. (rC+)
You are cold-blooded and may be slowed by cold attacks.


Message History

The orc warrior closely misses you.
Casting: Blink
Confirm with . or Enter, or press ? or * to list all spells.
You don't have enough magic to cast that spell.
You are too injured to fight recklessly!
Evoke which item? (* to show all) (? for menu, Esc to quit)
Okay, then.
Evoke which item? (* to show all) (? for menu, Esc to quit)
Zapping:
h - a wand of acid {zapped: 8} (will waste charges)
Press: ? - help, Shift-Dir - straight line, f - orc warrior, p - orc priest
Aim: an orc warrior, wielding a halberd and wearing a plate armour Nothing appears to happen.
You hit the orc priest.
The orc priest is heavily wounded.
The orc warrior misses you. The orc hits you but does no damage.
You hit the orc priest.
Your tail-slap misses the orc priest.
The orc priest is severely wounded.
The orc priest misses you.
The orc warrior hits you from afar with a halberd!
You die...

#..รท......#
#.........#
#...<.....#
#.........#
#.........#
#.........#
#....o....#
#.....oo..#
#......@..#
#.........#
###########


You could see an orc warrior, an orc priest and an orc.

Vanquished Creatures
  An orc warrior (D:6)
  2 ogres
  A centaur (D:5)
  A bullfrog (D:5)
  A scorpion (D:5)
  2 hounds (D:4)
  An orc wizard (D:6)
  A bullfrog skeleton (D:5)
  2 iguanas
  2 adders
  A gnoll (D:5)
  2 oozes
  An adder zombie (D:5)
  2 adder skeletons
  3 worms
  3 dart slugs
  3 leopard geckos
  3 orcs
  2 ball pythons
  7 giant cockroaches
  6 goblins
  2 hobgoblins
  4 jackals
  3 bats
  A frilled lizard (D:1)
  5 kobolds
  A leopard gecko zombie (D:5)
  7 rats
70 creatures vanquished.

Vanquished Creatures (collateral kills)
  A centaur (D:5)
  A scorpion (D:5)
  2 hounds
  5 gnolls
  2 orcs
  A goblin (D:2)
  2 hobgoblins (D:2)
  A jackal (D:2)
  A frilled lizard (D:2)
16 creatures vanquished.

Grand Total: 86 creatures vanquished

Notes
Turn   | Place    | Note
-------+----------+-------------------------------------------
     0 | D:1      | aspy the Draconian Wizard began the quest for the Orb.
     0 | D:1      | Reached XP level 1. HP: 14/14 MP: 4/4
   284 | D:1      | Reached XP level 2. HP: 20/20 MP: 0/6
  1195 | D:2      | You fall through a shaft for 2 floors!
  1228 | D:4      | Learned a level 2 spell: Call Imp
  1296 | D:4      | Reached XP level 3. HP: 5/26 MP: 1/7
  1727 | D:4      | You fall through a shaft!
  1727 | D:5      | Entered Level 5 of the Dungeon
  1727 | D:5      | Noticed a scorpion
  1749 | D:5      | Killed a scorpion
  1749 | D:5      | Reached XP level 4. HP: 18/33 MP: 3/8
  2031 | D:4      | Noticed an ogre
  2093 | D:4      | Killed an ogre
  2093 | D:4      | Reached XP level 5. HP: 11/38 MP: 9/9
  2903 | D:3      | Learned a level 3 spell: Conjure Flame
  2906 | D:3      | Learned a level 2 spell: Blink
  3012 | D:2      | Reached skill level 1 in Polearms
  3780 | D:3      | Found an iron altar of Okawaru.
  3963 | D:4      | Found a staircase to the Ecumenical Temple.
  3972 | Temple   | Entered the Ecumenical Temple
  4370 | D:3      | Reached skill level 2 in Polearms
  4417 | D:3      | Became a worshipper of Warmaster Okawaru
  4663 | D:4      | Reached XP level 6. HP: 45/45 MP: 10/10
  5166 | D:5      | Reached skill level 3 in Polearms
  5313 | D:5      | Reached skill level 4 in Polearms
  5571 | D:5      | Reached * piety under Okawaru
  5594 | D:5      | Your scales start taking on an icy white colour.
  5594 | D:5      | Reached XP level 7. HP: 38/50 MP: 9/11
  5594 | D:5      | Gained mutation: Your flesh is cold resistant. (rC+) [White Draconian growth]
  5809 | D:5      | Reached skill level 5 in Polearms
  5928 | D:6      | Noticed Dowan
  5931 | D:6      | Noticed Duvessa
  6270 | D:6      | Reached skill level 6 in Polearms
  6959 | D:6      | Slain by an orc warrior

Skill      XL: |  1  2  3  4  5  6  7 |
---------------+----------------------+-----
Conjurations   | 3 |  3.1
Summonings     | 2 4 |  4.4
Polearms       | 2 4 6 |  6.2
Dodging        | 2 |  2.7
Throwing       | |  0.1
Stealth        | |  1.7
Spellcasting   | |  3.0
Translocations | |  1.0

Action                   |  1- 3 |  4- 6 |  7- 9 || total
-------------------------+-------+-------+-------++-------
Melee: Unarmed           |     7 |       |       ||     7
       Dagger            |    35 |    14 |       ||    49
       Tailslap          |     6 |     9 |     1 ||    16
       Trident           |       |   138 |    58 ||   196
Throw: Javelin           |       |     6 |       ||     6
 Cast: Magic Dart        |    35 |    18 |     4 ||    57
       Call Imp          |     4 |    25 |    19 ||    48
       Blink             |       |     2 |     7 ||     9
       Conjure Flame     |       |     3 |     4 ||     7
Invok: Heroism           |       |       |     2 ||     2
 Abil: Breathe Frost     |       |       |     3 ||     3
Evoke: Wand              |       |       |     3 ||     3
  Use: Scroll            |     4 |     7 |       ||    11
       Potion            |     2 |     2 |     1 ||     5
 Stab: Sleeping          |       |     4 |     1 ||     5
       Distracted        |       |     2 |       ||     2
  Eat: Chunk             |     1 |     9 |     5 ||    15
       Meat ration       |       |     1 |       ||     1
       Fruit             |       |       |     2 ||     2
Armor: Skin              |    10 |    44 |    22 ||    76
Dodge: Dodged            |    24 |    81 |    28 ||   133
